[Event "Irish New Year Events-GM 2020"]
[Site "Dublin"]
[Date "2020.01.06"]
[Round "8.4"]
[White "Astaneh Lopez, Alex"]
[Black "Kosten, Anthony C."]
[Result "1-0"]
[ECO "E11"]
[WhiteElo "2432"]
[BlackElo "2402"]
[Annotator "RC"]
[PlyCount "113"]
[EventDate "2020.01.02"]
[EventType "tourn"]
[EventCountry "IRL"]
[SourceTitle "playchess.com"]
[Source "ChessBase"]
[SourceQuality "1"]
[TimeControl "40/5400+30:1800+30"]

1. d4 Nf6 2. c4 e6 3. Nf3 Bb4+ 4. Nbd2 O-O 5. a3 Be7 6. e4 d6 7. Qc2 Nfd7 8. b4 a5 9. Bb2 axb4 10. axb4 Rxa1+ 11. Bxa1 e5 12. d5 Na6 13. Bc3 c6 14. Be2 cxd5 15. cxd5 Qc7 16. Qb3 Nb6 17. O-O Bd7 18. Rc1 Na4 19. Bb2 Qb8 20. Ba3 b5 21. Nb1 Bd8 22. Nc3 Nxc3 23. Rxc3 Bb6 24. Bc1 Rc8 25. Bd2 Rxc3 26. Qxc3 h6 27. h3 Qa7 28. Be1 Nc7 29. Nd2 Qa2 30. Kf1 Kf8 31. Bg4 f5 32. Bxf5 Bxf5 33. Qf3 g6 34. g4 Qc2 35. gxf5 gxf5 36. Qxf5+ Ke7 37. Nf3 Qd3+ 38. Kg2 Qe2 39. Qh7+ Ke8 40. Qg6+ Kd7 41. Qg4+ Ke7 42. Nxe5 Qxg4+ 43. Nxg4 h5 44. Nh6 Kf6 45. Bc3+ Kg6 46. Nf5 Nxd5 47. Nh4+ Kg5 48. exd5 Kf4 49. Ng6+ Ke4 50. Ne7 Kd3 51. Be1 Ke2 52. Nc8 Bd4 53. Nxd6 Kxe1 54. Nxb5 Bxf2 55. d6 Bb6 56. Nc3 Kd2 57. Nd5 1-0

[Event "Irish New Year Events-GM 2020"]
[Site "Dublin"]
[Date "2020.01.06"]
[Round "8.5"]
[White "Pajeken, Jakob Leon"]
[Black "Collins, Sam E."]
[Result "1/2-1/2"]
[ECO "D79"]
[WhiteElo "2327"]
[BlackElo "2446"]
[Annotator "RC"]
[PlyCount "42"]
[EventDate "2020.01.02"]
[EventType "tourn"]
[EventCountry "IRL"]
[SourceTitle "playchess.com"]
[Source "ChessBase"]
[SourceQuality "1"]
[TimeControl "40/5400+30:1800+30"]

1. d4 Nf6 2. Nf3 g6 3. g3 Bg7 4. Bg2 d5 5. O-O c6 6. Ne5 O-O 7. c4 Ne4 8. cxd5 cxd5 9. Nc3 Nxc3 10. bxc3 Nc6 11. Nxc6 bxc6 12. Ba3 Ba6 13. Re1 Re8 14. Bc5 Bf8 15. Qa4 Bb5 16. Qc2 e5 17. Bxf8 Kxf8 18. e4 exd4 19. cxd4 Bc4 20. exd5 Rxe1+ 21. Rxe1 Bxd5 1/2-1/2

[Event "Irish New Year Events-GM 2020"]
[Site "Dublin"]
[Date "2020.01.06"]
[Round "9.1"]
[White "Li, Henry"]
[Black "Brady, Stephen"]
[Result "0-1"]
[ECO "B09"]
[WhiteElo "2288"]
[BlackElo "2285"]
[Annotator "ChessBase"]
[PlyCount "72"]
[EventDate "2020.01.02"]
[EventType "tourn"]
[EventCountry "IRL"]
[SourceTitle "playchess.com"]
[Source "ChessBase"]
[SourceQuality "1"]
[TimeControl "40/5400+30:1800+30"]

1. e4 d6 2. d4 Nf6 3. Nc3 g6 4. f4 Bg7 5. Nf3 O-O 6. e5 Nfd7 7. Bc4 Nb6 8. Bb3 Nc6 9. a4 Na5 10. Ba2 c5 11. dxc5 dxc5 12. Qe2 c4 13. Be3 Be6 14. Rd1 Qc8 15. Qf2 f6 16. Bxb6 axb6 17. Nd5 Bxd5 18. Rxd5 Qc6 19. Rb5 Qe4+ 20. Qe2 Qxf4 21. O-O fxe5 22. Kh1 Kh8 23. Re1 Nc6 24. Bxc4 Rxa4 25. b3 Ra2 26. Rxb6 e4 27. Qxe4 Qxe4 28. Rxe4 Ra1+ 29. Re1 Rxe1+ 30. Nxe1 Ra8 31. Rxb7 Ra1 32. Kg1 Rxe1+ 33. Kf2 Rc1 34. Rc7 Rxc2+ 35. Ke3 Bh6+ 36. Ke4 Na5 0-1

[Event "Irish New Year Events-GM 2020"]
[Site "Dublin"]
[Date "2020.01.06"]
[Round "9.3"]
[White "Pert, Nicholas"]
[Black "Pajeken, Jakob Leon"]
[Result "1/2-1/2"]
[ECO "D20"]
[WhiteElo "2558"]
[BlackElo "2327"]
[Annotator "RC"]
[PlyCount "95"]
[EventDate "2020.01.02"]
[EventType "tourn"]
[EventCountry "IRL"]
[SourceTitle "playchess.com"]
[Source "ChessBase"]
[SourceQuality "1"]
[TimeControl "40/5400+30:1800+30"]

1. d4 d5 2. c4 dxc4 3. e4 Nf6 4. e5 Nd5 5. Bxc4 Bf5 6. Nf3 e6 7. Nc3 Nb6 8. Bb5+ c6 9. Bd3 Bxd3 10. Qxd3 Na6 11. O-O Qd7 12. Rd1 Nb4 13. Qe4 N4d5 14. a3 c5 15. Bd2 c4 16. Rac1 Rc8 17. Ne2 Na4 18. Rc2 b5 19. Qg4 a6 20. Ng5 c3 21. bxc3 Bxa3 22. Ne4 O-O 23. Nf6+ Nxf6 24. exf6 g6 25. c4 Rfd8 26. c5 e5 27. Qg5 Qf5 28. Qxf5 gxf5 29. Ba5 Rd5 30. Nc3 Nxc3 31. Rxc3 Bxc5 32. Kf1 exd4 33. Rg3+ Kh8 34. Rg7 Rd7 35. Rd3 Rg8 36. Rxg8+ Kxg8 37. Rg3+ Kf8 38. Rg5 Rd5 39. Rh5 d3 40. Rxh7 Ke8 41. Rh8+ Kd7 42. h4 Ke6 43. Bd2 Rd6 44. h5 Bd4 45. h6 Bxf6 46. Re8+ Kd7 47. Rg8 b4 48. Rg6 1/2-1/2

[Event "Irish New Year Events-GM 2020"]
[Site "Dublin"]
[Date "2020.01.06"]
[Round "9.4"]
[White "Turner, Matthew J"]
[Black "Fitzsimons, David"]
[Result "1-0"]
[ECO "A48"]
[WhiteElo "2521"]
[BlackElo "2317"]
[Annotator "RC"]
[PlyCount "117"]
[EventDate "2020.01.02"]
[EventType "tourn"]
[EventCountry "IRL"]
[SourceTitle "playchess.com"]
[Source "ChessBase"]
[SourceQuality "1"]
[TimeControl "40/5400+30:1800+30"]

1. d4 Nf6 2. Nf3 g6 3. Nc3 Bg7 4. e4 d5 5. e5 Ne4 6. Nxe4 dxe4 7. Ng5 c5 8. dxc5 Qc7 9. Bf4 O-O 10. Bc4 Qxc5 11. Qd5 Qxd5 12. Bxd5 Nc6 13. Bxc6 bxc6 14. Nxe4 Bf5 15. f3 Rfd8 16. Rd1 Rd5 17. c4 Rxd1+ 18. Kxd1 Rd8+ 19. Kc2 g5 20. Bxg5 Bxe5 21. Be3 a6 22. b3 h5 23. h3 Rd6 24. g4 hxg4 25. hxg4 Bg6 26. Rh3 f5 27. gxf5 Bxf5 28. Rh5 Rf6 29. Kd2 Rf7 30. Rg5+ Kf8 31. Nc5 Bd6 32. Ne4 Bb4+ 33. Ke2 Ke8 34. Rg8+ Rf8 35. Rxf8+ Kxf8 36. Kd3 Ke8 37. Kd4 Kd7 38. Ke5 Bg6 39. Bb6 e6 40. Kf6 Bf5 41. Be3 Ba3 42. Kf7 Be7 43. Bh6 e5 44. Bf8 Bh4 45. Bg7 Bh3 46. Bxe5 Be7 47. Bf6 Ba3 48. Bd4 Bg2 49. Nf6+ Kd6 50. f4 Bc1 51. f5 c5 52. Bc3 Be3 53. Be1 Bf4 54. Nh5 Be5 55. f6 Bf3 56. Ng3 Kd7 57. Bf2 a5 58. Kg6 Ke6 59. f7 1-0